 Dungeon Crawl Stone Soup version 0.25-a0-194-gece12570e2 (webtiles) character file.

Game seed: 8180700453625765801, levelgen mode: deterministic

6869 Lanoc the Spear-Bearer (level 11, -8/84 HPs)
             Began as a Merfolk Warper on Nov 28, 2019.
             Was a Believer of Qazlal.
             Mangled by an ice beast (10 damage)
             ... summoned by an ice statue
             ... on level 9 of the Dungeon on Nov 30, 2019.
             The game lasted 00:24:08 (13813 turns).

Lanoc the Spear-Bearer (Merfolk Warper)            Turns: 13813, Time: 00:24:09

Health: -8/84      AC:  8    Str: 11    XL:     11   Next: 6%
Magic:  4/4        EV: 17    Int: 15    God:    Qazlal [**....]
Gold:   476        SH: 10    Dex: 15    Spells: 8/14 levels left

rFire    + . .     SeeInvis +   M - +4 spear (antimagic)
rCold    . . .     Gourm    .   u - +2 buckler
rNeg     . . .     Faith    .   b - +0 leather armour
rPois    .         Spirit   .   (no helmet)
rElec    .         Reflect  .   (no cloak)
rCorr    .         Harm     .   n - +1 pair of gloves
MR       .....                  L - +1 pair of boots
Stlth    +.........             (no amulet)
HPRegen  0.24/turn              O - ring of protection from fire
MPRegen  0.09/turn              g - ring of see invisible

@: no status effects
A: change form in water, swift swim, stealthy swim
a: Upheaval, Renounce Religion


You were on level 9 of the Dungeon.
You worshipped Qazlal.
Qazlal was pleased with you.
You were hungry.

You visited 2 branches of the dungeon, and saw 10 of its levels.

You collected 476 gold pieces.

Inventory:

Hand Weapons
 k - a +0 halberd
 H - a +0 trident
 M - a +4 antimagic spear (weapon)
Missiles
 e - 2 boomerangs of dispersal
 o - 6 poisoned darts
 v - 5 curare-tipped darts (quivered)
 B - 6 boomerangs
Armour
 b - a +0 leather armour (worn)
 n - a +1 pair of gloves (worn)
 u - a +2 buckler (worn)
 L - a +1 pair of boots (worn)
Jewellery
 a - an uncursed ring of protection from cold
 g - a ring of see invisible (right hand)
 s - an uncursed amulet of guardian spirit
 O - a ring of protection from fire (left hand)
Wands
 r - a wand of iceblast (11)
 w - a wand of random effects (3)
 E - a wand of paralysis (9)
 J - a wand of digging (5)
Scrolls
 d - 4 scrolls of blinking
 h - 2 scrolls of amnesia
 i - 4 scrolls of remove curse
 l - 2 scrolls of fog {unknown}
 m - 7 scrolls of teleportation
 p - 3 scrolls of enchant weapon {unknown}
 y - a scroll of magic mapping {unknown}
 z - a scroll of fear {unknown}
 A - a scroll of random uselessness {unknown}
 D - 2 scrolls of immolation {unknown}
 K - a scroll of enchant armour {unknown}
 N - a scroll of identify
Potions
 c - 2 potions of curing
 j - a potion of degeneration {unknown}
 q - 3 potions of lignification
 t - a potion of invisibility
 x - 3 potions of agility
 C - a potion of flight
 F - a potion of haste {unknown}
 G - a potion of ambrosia
 I - 2 potions of cancellation
Comestibles
 f - 21 rations


   Skills:
 + Level 7.5 Fighting
 * Level 13.1 Polearms
 - Level 1.0 Throwing
 + Level 4.9 Armour
 + Level 9.0 Dodging
 - Level 4.0 Shields
 - Level 2.0 Spellcasting
 + Level 5.9 Translocations


You had 8 spell levels left.
You knew the following spells:

 Your Spells              Type           Power        Failure   Level  Hunger
a - Blink                 Tloc           N/A          3%          2    ###....
b - Passage of Golubria   Tloc           N/A          24%         4    #####..

Your spell library contained the following spells:

 Spells                   Type           Power        Failure   Level  Hunger
 Gell's Gravitas          Tloc           ###.......   8%          3    ###....
 Lesser Beckoning         Tloc           ###.......   8%          3    ###....
 Teleport Other           Tloc           ###.....     8%          3    ###....
 Shroud of Golubria       Chrm/Tloc      ##....       13%         2    ###....
 Beastly Appendage        Tmut           #.....       28%         1    #......
 Magic Dart               Conj           #...         28%         1    #......
 Searing Ray              Conj           #.....       38%         2    ###....
 Sticks to Snakes         Tmut           #.......     38%         2    ###....
 Dazzling Spray           Conj/Hex       #.....       63%         3    ###....
 Spider Form              Tmut/Pois      #.........   63%         3    ###....
 Force Lance              Conj/Tloc      ##......     63%         4    #####..
 Fulminant Prism          Conj/Hex       #.........   95%         4    #####..
 Ice Form                 Ice/Tmut       #.......     95%         4    #####..
 Iskenderun's Mystic Bla  Conj           #.......     95%         4    #####..
 Blade Hands              Tmut           #.........   100%        5    ######.


Dungeon Overview and Level Annotations

Branches:
Dungeon (9/15)             Temple (1/1) D:6            Lair (0/6) D:8
    Orc: D:9-12

Altars:
Ashenzari
Cheibriados
Dithmenos
Elyvilon
Fedhas
Gozag
Hepliaklqana
Kikubaaqudgha
Makhleb
Nemelex Xobeh
Okawaru
Qazlal
Ru
Sif Muna
Trog
Uskayaw
Vehumet
Wu Jian
Xom
Yredelemnul
Zin
The Shining One

Shops:
D:8 (

Annotations:
D:5 2 transporters, t4s4d4r's ghost, novice OpAs
D:9 2 transporters, exclusion: ice statue, sankara's ghost, novice MiTm


Message History

The ice beast is moderately wounded.
You hit the ice beast but do no damage.
The ice beast is moderately wounded.
The ice beast hits you.
* * * LOW HITPOINT WARNING * * *
The ice beast freezes you.
* * * LOW HITPOINT WARNING * * *
You closely miss the ice beast.
The ice beast is moderately wounded.
You closely miss the ice beast.
The ice beast is moderately wounded.
You block the ice beast's attack.
You barely miss the ice beast.
The ice beast is moderately wounded.
You hit the ice beast but do no damage.
The ice beast is moderately wounded.
The ice beast hits you.
* * * LOW HITPOINT WARNING * * *
The ice beast freezes you!
You die...

#.....####.#.............
##.....##..##............
#.......#................
#.......#.....≈≈≈Y≈......
#..........#≈≈≈≈≈≈≈≈≈≈≈..
##..........#≈≈≈≈≈≈≈≈≈≈≈≈≈
###...........##≈≈≈≈≈≈≈≈≈≈≈≈
#....#.....Y..###≈≈≈≈≈≈≈≈Y≈≈
##......#...@○.#
##≈≈≈≈≈≈≈≈≈≈
#.......#......# ###≈≈≈≈≈≈≈≈
##.............# ####≈≈≈≈≈
####....)<....# ###≈≈≈
##..........# ####
#......#....# #
#.....####..# ##....# ###.#
##...# #...#


You could see an ice beast.

Vanquished Creatures
  Pikel (D:5)
  Psyche (D:8)
  A komodo dragon (D:7)
  A hippogriff (D:7)
  2 hungry ghosts (D:7)
  4 sky beasts
  2 orc warriors
  A black bear (D:9)
  20 ice beasts
  2 phantoms (D:5)
  2 ogres
  3 centaurs
  4 bullfrogs
  2 gnoll sergeants
  6 killer bees
  4 electric eels (D:9)
  2 crimson imps
  3 quasits
  11 hounds
  A jelly (D:8)
  2 bullfrog zombies
  2 orc priests (D:6)
  A centaur skeleton (D:6)
  5 orc wizards
  Natasha (thrice) (D:4)
  An iguana (D:4)
  9 worker ants
  2 killer bee zombies
  2 hound skeletons
  A howler monkey skeleton (D:5)
  13 adders
  11 gnolls
  An ooze (D:4)
  3 adder zombies
  2 adder skeletons
  4 worms
  4 dart slugs
  8 leopard geckos
  15 orcs
  6 giant cockroaches
  7 hobgoblins
  14 jackals
  9 kobolds
  6 quokkas
  A ball python (D:1)
  A ball python skeleton (D:5)
  9 bats
  4 frilled lizards
  6 goblins
  A leopard gecko zombie (D:6)
  5 rats
231 creatures vanquished.

Vanquished Creatures (others)
  A slave (D:5)
  2 gnolls (D:5)
  A giant cockroach (D:5)
  6 plants (D:8)
10 creatures vanquished.

Grand Total: 241 creatures vanquished

Notes
Turn   | Place    | Note
-------+----------+-------------------------------------------
     0 | D:1      | Lanoc the Merfolk Warper began the quest for the Orb.
     0 | D:1      | Reached XP level 1. HP: 16/16 MP: 3/3
   119 | D:1      | Reached XP level 2. HP: 22/23 MP: 5/5
   259 | D:1      | Reached skill level 1 in Armour
   606 | D:1      | Reached XP level 3. HP: 26/28 MP: 6/6
  1026 | D:2      | Reached skill level 4 in Polearms
  1361 | D:2      | Reached XP level 4. HP: 31/34 MP: 7/7
  1539 | D:2      | Learned a level 2 spell: Blink
  2000 | D:3      | Reached skill level 5 in Polearms
  2000 | D:3      | Reached XP level 5. HP: 29/41 MP: 8/8
  2025 | D:3      | HP: 2/41 [worm (11)]
  2593 | D:3      | Reached skill level 1 in Shields
  3081 | D:4      | Reached XP level 6. HP: 39/47 MP: 9/9
  3129 | D:4      | Noticed Natasha
  3150 | D:4      | Killed Natasha
  3185 | D:4      | Noticed Natasha
  3200 | D:4      | Killed Natasha
  3200 | D:4      | Reached skill level 6 in Polearms
  3218 | D:4      | Noticed Natasha
  3223 | D:4      | Killed Natasha
  3411 | D:4      | Reached XP level 7. HP: 53/53 MP: 10/10
  4100 | D:5      | Entered Level 5 of the Dungeon
  4100 | D:5      | Noticed Pikel
  4111 | D:5      | Killed Pikel
  4111 | D:5      | Reached skill level 7 in Polearms
  4111 | D:5      | Reached skill level 5 in Dodging
  4111 | D:5      | Reached XP level 8. HP: 22/61 MP: 11/11
  4578 | D:5      | Reached skill level 8 in Polearms
  4619 | D:5      | Noticed t4s4d4r's ghost (novice OpAs)
  4620 | D:5      | Identified the +5 great mace of Lyxam {crush, rPois rC+
                  | Dex+2 SInv}
  4630 | D:5      | Found a transporter.
  5282 | D:5      | Found a transporter.
  5800 | D:5      | Upgraded the game from 0.25-a0-185-g6cfeca75b2 to
                  | 0.25-a0-194-gece12570e2
  5887 | D:6      | Found a hide-covered altar of Uskayaw.
  5915 | D:6      | Learned a level 4 spell: Passage of Golubria
  6353 | D:6      | Reached skill level 5 in Fighting
  6558 | D:6      | Reached skill level 9 in Polearms
  6996 | D:6      | Reached XP level 9. HP: 54/68 MP: 12/12
  7009 | D:6      | Found a staircase to the Ecumenical Temple.
  7018 | Temple   | Entered the Ecumenical Temple
  7265 | Temple   | Became a worshipper of Qazlal Stormbringer
  8376 | D:7      | Reached skill level 10 in Polearms
  8547 | D:7      | Reached * piety under Qazlal
  9463 | D:8      | Found Momuigya's Weapon Emporium.
  9921 | D:8      | Noticed a komodo dragon
  9943 | D:8      | Reached skill level 11 in Polearms
  9955 | D:8      | Reached XP level 10. HP: 50/76 MP: 13/13
  9982 | D:7      | Reached skill level 5 in Translocations
 10641 | D:8      | Noticed Psyche
 10746 | D:8      | Killed Psyche
 10804 | D:8      | Found a staircase to the Lair.
 11354 | D:8      | Reached ** piety under Qazlal
 11672 | D:8      | Reached skill level 12 in Polearms
 12862 | D:9      | Found a transporter.
 12862 | D:9      | Noticed sankara's ghost (novice MiTm)
 12866 | D:9      | Noticed a two-headed ogre
 12942 | D:9      | Found a transporter.
 12942 | D:9      | Identified the +8 dire flail of Okawaru {speed, *Contam
                  | +Rage MP+9 Str+5}
 12942 | D:9      | Identified the +8 dire flail "Stringbean" {antimagic, +Rage
                  | Str+4 Int-2}
 12942 | D:9      | Noticed a two-headed ogre
 12942 | D:9      | Noticed a two-headed ogre
 13317 | D:9      | Noticed an ice statue
 13330 | D:9      | Reached skill level 13 in Polearms
 13330 | D:9      | Reached XP level 11. HP: 49/84 MP: 4/14
 13813 | D:9      | HP: 2/84 [ice beast[an ice statue] (3)]
 13813 | D:9      | Mangled by an ice beast

Levels and vault maps discovered:
D:1:      psy_arrival_basics, layout_loops_ring
D:2:      layout_loops_cross, first_ration, due_unseen_surprise
D:3:      layout_loops_corners, kennysheep_nub
D:4:      layout_basic, uniq_natasha
D:5:      layout_layer_cave, gammafunk_ghost_smash, uniq_pikel
D:6:      layout_gridville, lemuel_crystal_altar,
          minmay_temple_entry_drinking_statues
D:7:      layout_gridville
D:8:      layout_basic, david_lair_shrubbed, serial_shops, nicolae_shop_trees,
          uniq_psyche
D:9:      minmay_twisted_water, layout_cave_pools, gammafunk_ghost_smash
Temple:   roderic_octagonal_lattice_temple

Skill      XL: |  1  2  3  4  5  6  7  8  9 10 11 |
---------------+----------------------------------+-----
Dodging        | 3 4 5 6 7 8 9 |  9.0
Armour         | 1 2 3 4 |  4.9
Polearms       | 4 5 6 7 9 11 13 | 13.1
Fighting       | 3 4 5 6 7 |  7.5
Shields        | 1 2 3 4 |  4.0
Translocations | 3 4 5 |  5.9
Throwing       | |  1.0
Spellcasting   | |  2.0

Action                   |  1- 3 |  4- 6 |  7- 9 | 10-12 || total
-------------------------+-------+-------+-------+-------++-------
Melee: Spear             |   173 |   304 |   454 |   220 ||  1151
       Trident           |       |       |   366 |   284 ||   650
       Tailslap          |       |       |       |    22 ||    22
Throw: Dart              |       |    10 |    21 |     2 ||    33
       Boomerang         |       |     3 |       |       ||     3
  Use: Scroll            |       |       |    11 |     1 ||    12
       Potion            |       |       |     2 |     2 ||     4
 Stab: Sleeping          |     2 |       |       |       ||     2
       Distracted        |       |       |     1 |       ||     1
  Eat: Chunk             |     1 |     8 |    19 |     9 ||    37
       Ration            |       |       |     1 |     1 ||     2
Armor: Leather armour    |    45 |    40 |   100 |    65 ||   250
Dodge: Dodged            |   103 |   112 |   376 |   281 ||   872
Block: Buckler           |       |    59 |   214 |   198 ||   471

Table legend:
 A = Non-vault XP
 B = Vault XP
 C = Vault XP percentage of total XP
 D = Non-vault monster count
 E = Vault monster count
 F = Vault count percentage of total count
                 A         B        C        D         E       F
            +---------+---------+-------+---------+---------+-------
      Total |    5830 |    3983 |  40.6 |     209 |      23 |   9.9
            +---------+---------+-------+---------+---------+-------
        D:1 |      35 |       0 |   0.0 |      22 |       0 |   0.0
        D:2 |      76 |       0 |   0.0 |      21 |       0 |   0.0
        D:3 |     171 |       0 |   0.0 |      22 |       0 |   0.0
        D:4 |     388 |      35 |   8.3 |      17 |       1 |   5.6
        D:5 |     592 |     663 |  52.8 |      21 |       1 |   4.5
        D:6 |     763 |       0 |   0.0 |      33 |       0 |   0.0
        D:7 |    1326 |     378 |  22.2 |      26 |       1 |   3.7
        D:8 |    1728 |    1714 |  49.8 |      29 |      11 |  27.5
        D:9 |     724 |    1193 |  62.2 |      16 |       9 |  36.0
     Temple |      27 |       0 |   0.0 |       2 |       0 |   0.0
            +---------+---------+-------+---------+---------+-------
